 Dungeon Crawl Stone Soup version 0.27.1-33-g824d729ab1 (webtiles) character file.

Game seed: 9970068270659233731

21 Atelerd the Digger (level 2, 0/17 HPs)
             Began as an Octopode Earth Elementalist on Dec 20, 2021.
             Slain by a goblin (4 damage)
             ... led by Robin
             ... on level 2 of the Dungeon.
             The game lasted 00:01:17 (1180 turns).

Atelerd the Digger (Octopode Earth Elementalist)    Turns: 1180, Time: 00:01:19

Health: 0/17       AC:  1    Str:  7    XL:     2   Next: 83%
Magic:  5/5        EV: 13    Int: 17    God:
Gold:   34         SH:  0    Dex: 12    Spells: 4/5 levels left

rFire    . . .     SeeInvis .   (no weapon)
rCold    . . .     Faith    .   (no shield)
rNeg     . . .     Spirit   .   (helmet restricted)
rPois    .         Reflect  .   (no amulet)
rElec    .         Harm     .   (no ring)
rCorr    .         Rampage  .   (no ring)
Will     .....                  (no ring)
Stlth    +++.......             (no ring)
HPRegen  0.05/turn              (no ring)
MPRegen  0.09/turn              (no ring)
                                (no ring)
                                (no ring)

@: no status effects
A: almost no armour, amphibious, 8 rings, camouflage 1, gelatinous body 1,
(nimble swimmer 1), tentacles
a: no special abilities


You were on level 2 of the Dungeon.
You visited 1 branch of the dungeon, and saw 2 of its levels.

You collected 34 gold pieces.

Inventory:

Missiles
 b - 29 stones
Armour
 g - a +0 buckler
Jewellery
 h - a ring of poison resistance
Scrolls
 d - a scroll of enchant weapon {unknown}
 f - a scroll of vulnerability {unknown}
Potions
 a - a potion of mutation {unknown}
 c - a potion of degeneration {unknown}
 e - a potion of curing {unknown}


   Skills:
 - Level 2.0 Dodging
 - Level 2.6 Stealth
 + Level 2.4 Spellcasting
 + Level 1.6 Transmutations
 + Level 3.3 Earth Magic


You had 4 spell levels left.
You knew the following spells:

 Your Spells              Type           Power      Damage    Failure   Level
a - Sandblast             Erth           26%        2d8       4%          1

Your spell library contained the following spells:

 Spells                   Type           Power      Damage    Failure   Level
 Passwall                 Tmut/Erth      8%         N/A       10%         2
 Stone Arrow              Conj/Erth      14%        3d7       28%         3
 Petrify                  Tmut/Erth      10%        N/A       54%         4


Dungeon Overview and Level Annotations

Branches:
Dungeon (2/15)

Altars:

Shops:
D:1 =

Annotations:
D:2 Robin


Innate Abilities, Weirdness & Mutations

You cannot wear most types of armour.
You are amphibious.
You can wear up to eight rings at the same time.
Your skin changes colour to match your surroundings (Stealth+).
Your rubbery body absorbs attacks. (AC +1, EV +1)
((You are camouflaged near water. (Stealth+)))
You have tentacles for arms and can constrict up to eight enemies at once.


Message History

Where to? (Enter - D:1 @ (x,y), ? - help)
What level of the Dungeon? (default 1, ? - help)
There is an open gate here.
You see here a +0 dagger.
There is a stone staircase leading down here.
You climb downwards.
Found a stone staircase leading down.
There is a stone staircase leading up here.
A goblin and a hobgoblin come into view.
There are monsters nearby!
A goblin and Robin come into view.
The goblin shouts!
You hear a shout! x3
A goblin comes into view. It is wielding a +0 club.
A goblin comes into view. It is wielding a +2 dagger of speed.
The goblin shouts!
You hear a shout!
There are monsters nearby!
A goblin and a hobgoblin come into view.
The hobgoblin shouts!
The goblin shouts! x3
A hobgoblin comes into view.
The goblin unwields a +0 club.
The goblin wields a +0 hunting sling.
The goblin shoots a stone.
The stone hits you.
There are monsters nearby!
A goblin comes into view. It is wielding a +0 club.
There are monsters nearby!
The goblin shouts!
You tentacle-slap the goblin but do no damage.
Your grab misses the goblin. Robin throws the goblin at you!
The goblin hits you with a +0 dagger. The goblin barely misses you.
A hobgoblin comes into view.
There are monsters nearby!
Robin throws the goblin at you!
A goblin comes into view. It is wielding a +0 club.
The goblin closely misses you.
The goblin shouts!
Robin throws the goblin at you!
* * * LOW HITPOINT WARNING * * *
The goblin hits you with a +0 club.
* * * LOW HITPOINT WARNING * * *
The goblin hits you with a +2 dagger of speed.
You die...

# #.# #. . #.# ..
#. ###.##. .
###.##....g .##
.........##g...
.##.#.#...g.g.ggg.
........ggg#
....##ggg##
.#.##@### ..##.# #
#.##.# #.#.##.##.#
#.........#
######.####
####.####
#..<.>..#
#.##.##.#


You could see Robin, 2 hobgoblins and 7 goblins.

Vanquished Creatures
  3 endoplasms (D:1)
  A giant cockroach (D:1)
  A goblin (D:1)
  2 hobgoblins (D:1)
  3 quokkas (D:1)
  2 ball pythons (D:1)
  3 bats (D:1)
  2 frilled lizards (D:1)
  A rat (D:1)
18 creatures vanquished.

Notes
Turn   | Place    | Note
-------+----------+-------------------------------------------
     0 | D:1      | Atelerd the Octopode Earth Elementalist began the quest for
                  | the Orb.
     0 | D:1      | Reached XP level 1. HP: 11/11 MP: 3/3
   174 | D:1      | Found Ypsaotawn's Jewellery Boutique.
   242 | D:1      | Reached XP level 2. HP: 17/17 MP: 3/5
  1175 | D:2      | Noticed Robin
  1180 | D:2      | Slain by a goblin

Illustrated notes

Levels and vault maps discovered:
D:1:      kennysheep_arrival_seaside, layout_loops_ring, serial_shops, shop
D:2:      layout_loops_cross, minmay_parallelograms, uniq_robin

Action                   || total
-------------------------++-------
Melee: Unarmed           ||    15
       Constrict         ||     5
       Tentacles         ||     3
 Cast: Sandblast         ||    15
 Stab: Sleeping          ||     1
Armor: Skin              ||     5
Dodge: Dodged            ||    13
